AoeStats
← fares_x86

Arena

509324684Analyzed
2v2 RM · 6d ago on Sep 26, 2026· 28m 46s· 4 players
Game mode
Random Map
Map size
Medium (4 player)
Population
200
Speed
Normal
Resources
Standard
Victory
Conquest
Starting age
Dark Age
Ending age
Imperial Age
RankedLock teamsTeams togetherTeam positionsShared explorationLock speedFull tech treeHidden civsTurbo modeCheats
Victory
Defeat
🇩🇪 Khmer · Germany
1005
+13
🇮🇳 Turks · India
927
+17
🇵🇸 Slavs · Palestinian Territories
961
-16
🇹🇷 Vietnamese · Türkiye
925
-14
X-ALADDIN-X THE LIONHEART
3:22 Loom
12:18 Feudal Age
18:14 Castle Age
17:44 Horse Collar
17:52 Double-Bit Axe
18:00 Gold Mining
18:02 Stone Mining
18:50 Wheelbarrow
23:28 Hand Cart
24:13 Gold Shaft Mining
24:33 Bow Saw
25:09 Fletching
25:13 Pikeman
28:24 Forging
28:20 Scale Barding Armor
fares_x86
10:57 Feudal Age
11:19 Loom
15:58 Castle Age
14:14 Double-Bit Axe
16:16 Horse Collar
22:37 Town Watch
26:23 Gold Mining
28:05 Wheelbarrow
27:34 Heavy Plow
uff
8:31 Loom
8:36 Loom
10:57 Feudal Age
15:16 Castle Age
16:44 Horse Collar
16:53 Double-Bit Axe
19:37 Light Cavalry
22:13 Wheelbarrow
23:53 Forging
23:49 Scale Barding Armor
24:49 Hand Cart
27:21 Husbandry
Owen Knight
12:01 Feudal Age
12:15 Feudal Age
13:28 Double-Bit Axe
16:49 Castle Age
15:08 Gold Mining
20:44 Imperial Age
Connection lost

Rejoining the realm…

Still unreachable

The connection could not be restored.

Session expired

The server has moved on; the page needs a fresh start.